 Dungeon Crawl Stone Soup version 0.18-a0-1292-ge8ad84c (webtiles) character file.

560 kae the Cleaver (level 7, -2/57 HPs)
             Began as a Hill Orc Fighter on Feb 9, 2016.
             Slain by a mummy (3 damage)
             ... in an ossuary.
             The game lasted 00:05:28 (4484 turns).

kae the Cleaver (Hill Orc Fighter)                  Turns: 4484, Time: 00:05:28

Health: -2/57      AC:  7    Str: 19    XL:     7   Next: 31%
Magic:  7/7        EV:  7    Int:  8    God:
Gold:   273        SH:  9    Dex: 12    Spells: 0 memorised, 6 levels left

rFire  . . .     SeeInvis .     a - +0 war axe
rCold  . . .     Gourm    +     b - +1 scale mail
rNeg   . . .     Faith    .     c - +0 shield
rPois  .         Spirit   .     (no helmet)
rElec  .         Dismiss  .     (no cloak)
rCorr  +         Reflect  .     (no gloves)
SustAt .         Harm     .     (no boots)
MR     .....                    k - amulet of the gourmand
Stlth  +.........               s - ring of resist corrosion
                                p - ring of stealth

@: not resistant to hostile enchantments, very unstealthy
A: no striking features
a: no special abilities


You were in an ossuary.
You were full.

You visited 1 branch of the dungeon, and saw 5 of its levels.
You also visited: Sewer and Ossuary.

You collected 273 gold pieces.

Inventory:

Hand Weapons
 a - a +0 war axe (weapon)
Armour
 b - a +1 scale mail (worn)
 c - a +0 shield (worn)
Jewellery
 k - an amulet of the gourmand (around neck)
 p - a ring of stealth (left hand)
 s - a ring of resist corrosion (right hand)
 x - the ring "Pocoiqad" {EV+3 Str+4 Slay-4}
   (You found it on level 4 of the Dungeon)

   [ring of evasion]

   It affects your evasion (+3).
   It affects your strength (+4).
   It affects your accuracy and damage with ranged weapons and melee attacks
   (-4).
Scrolls
 m - 3 scrolls of remove curse
 o - 2 scrolls of blinking
 u - 3 scrolls of enchant weapon {unknown}
 y - a scroll of teleportation
Potions
 d - a potion of agility
 e - 6 potions of curing
 g - 4 potions of might
 h - 3 potions of magic
 i - 4 potions of heal wounds
 l - a potion of cure mutation
 n - a potion of cancellation
 q - a potion of degeneration {unknown}
 t - a potion of berserk rage {unknown}
 v - 2 potions of brilliance {unknown}
 z - a potion of flight {unknown}
Comestibles
 f - 8 bread rations
 j - 2 meat rations
 r - a beef jerky


   Skills:
 - Level 3.6 Fighting
 + Level 10.2 Axes
 - Level 3.2 Armour
 - Level 3.2 Shields


You had 6 spell levels left.
You didn't know any spells.

Dungeon Overview and Level Annotations

Branches:
Dungeon (5/15)
 Temple: D:4-7

Altars:


Message History

The mummy is heavily damaged.
You barely miss the mummy.
The mummy is heavily damaged.
The mummy hits you!
* * * LOW HITPOINT WARNING * * *
You are too injured to fight recklessly!
You are too injured to fight recklessly!
You are too injured to fight recklessly!
You are too injured to fight recklessly!
You are too injured to fight recklessly!
You barely miss the mummy.
The mummy is heavily damaged.
The mummy hits you!
* * * LOW HITPOINT WARNING * * *
You hit the mummy.
The mummy is severely damaged.
You hit the mummy but do no damage.
The mummy is severely damaged.
The mummy hits you.
You die...

## ##. !! #####
!. #...# #. #^..#
#. ##.## ###M###
#.### ##...@.##
##.'.#
##.......###..###
#.........#...'.#
+....⌠....'...###
#.........#...'.#
##.......###..###
##.....## ##.'.#
###'### #.### #.#
##.##


You could see a mummy.

Vanquished Creatures
  A crimson imp (D:5)
  A centaur zombie (Ossuary)
  A human zombie (Ossuary)
  A giant frog skeleton (D:5)
  A hound (D:4)
  An iguana (D:4)
  A worker ant (D:4)
  3 mummies (Ossuary)
  4 gnolls (D:3)
  10 adders
  5 river rats (Sewer)
  2 oozes
  3 worms
  5 giant geckos
  6 orcs
  5 giant cockroaches
  5 hobgoblins
  8 jackals (D:1)
  2 quokkas (D:3)
  5 ball pythons
  2 bats (D:1)
  8 giant newts
  8 goblins
  28 kobolds
  2 orc zombies (Ossuary)
  25 rats
143 creatures vanquished.

Notes
Turn   | Place    | Note
--------------------------------------------------------------
     0 | D:1      | kae the Hill Orc Fighter began the quest for the Orb.
     0 | D:1      | Reached XP level 1. HP: 19/19 MP: 1/1
   105 | D:1      | Reached XP level 2. HP: 13/26 MP: 2/2
   170 | D:1      | Reached skill level 4 in Axes
   301 | D:1      | Reached XP level 3. HP: 19/31 MP: 3/3
   373 | D:1      | Reached skill level 5 in Axes
   866 | D:2      | Reached XP level 4. HP: 23/39 MP: 4/4
   894 | D:2      | You fall through a shaft!
   974 | D:3      | Reached skill level 6 in Axes
  1594 | D:3      | Reached XP level 5. HP: 19/45 MP: 5/5
  2022 | D:3      | Reached skill level 7 in Axes
  2878 | D:4      | Found a glowing drain.
  2901 | Sewer    | Entered a sewer
  2987 | Sewer    | Reached skill level 8 in Axes
  2987 | Sewer    | Reached XP level 6. HP: 47/51 MP: 6/6
  3605 | D:4      | Reached skill level 9 in Axes
  3647 | D:4      | Got a twitching copper ring
  4309 | D:5      | Entered Level 5 of the Dungeon
  4348 | D:5      | Reached XP level 7. HP: 52/57 MP: 7/7
  4362 | D:5      | Found a sand-covered staircase.
  4370 | Ossuary  | Entered an ossuary
  4372 | Ossuary  | Identified the ring "Pocoiqad" {EV+3 Str+4 Slay-4} (You found it on level 4 of the Dungeon)
  4451 | Ossuary  | Reached skill level 10 in Axes
  4482 | Ossuary  | HP: 1/57 [mummy (14)]
  4484 | Ossuary  | Slain by a mummy

Vault maps used:
D:1:      lemuel_arrival_room
D:2:      first_bread
D:3:      minmay_fountain_box, serial_bayou_pond_e
D:4:      portal_sewer_entry_d
D:5:      old_standard_altar, nicolae_ossuary_entry_plus
Sewer:    sewer_minmay_treatment
Ossuary:  ossuary_crypta

Action                   |  1- 3 |  4- 6 |  7- 9 || total
-------------------------+-------+-------+-------++-------
Melee: War axe           |   114 |   231 |    43 ||   388
  Use: Scroll            |       |    13 |     2 ||    15
       Potion            |       |     4 |       ||     4
  Eat: Chunk             |       |    19 |       ||    19
